 Dungeon Crawl Stone Soup version 0.17-a0-1078-g243345b (webtiles) character file.

141 Jakers the Skirmisher (level 5, 0/48 HPs)
             Began as a Minotaur Berserker on May 19, 2015.
             Was a Believer of Trog.
             Slain by an orc
             ... wielding a +0 trident
              (4 damage)
             ... on level 4 of the Dungeon.
             The game lasted 00:11:35 (778 turns).

Jakers the Skirmisher (Minotaur Berserker)           Turns: 778, Time: 00:11:35

Health: 0/48       AC:  5    Str: 23    XL:     5   Next: 3%
Magic:  4/4        EV: 11    Int:  4    God:    Trog [**....]
Gold:   70         SH:  0    Dex:  9    Spells: 0 memorised, 4 levels left

rFire  . . .     SeeInvis .     d - +0 falchion
rCold  . . .     Clarity  .     b - +0 ring mail
rNeg   . . .     SustAb   .     (no shield)
rPois  .         Gourm    .     (helmet restricted)
rElec  .         Spirit   .     (no cloak)
rCorr  .         Warding  .     (no gloves)
rMut   .         Stasis   .     (no boots)
MR     .....                    (no amulet)
Stlth  +.........               (no ring)
                                (no ring)

@: exhausted, slowed, very slow, not resistant to hostile enchantments, very
unstealthy
A: retaliatory headbutt, horns 2
a: Burn Spellbooks, Berserk, Trog's Hand, Renounce Religion


You were on level 4 of the Dungeon.
You worshipped Trog.
Trog was pleased with you.
You were not hungry.

You visited 1 branch of the dungeon, and saw 4 of its levels.

You collected 70 gold pieces.

Inventory:

Hand weapons
 a - a +0 short sword
 d - a +0 falchion (weapon)
Missiles
 h - 33 arrows
 l - 36 stones (quivered)
Armour
 b - a +0 ring mail (worn)
Scrolls
 e - a scroll of enchant weapon {unknown}
 i - a scroll of enchant armour {unknown}
 k - a scroll of amnesia {unknown}
 m - 3 scrolls of recharging {unknown}
 n - a scroll of magic mapping {unknown}
 o - 2 scrolls of teleportation {unknown}
 r - a scroll of noise {unknown}
Potions
 g - 2 potions of curing {unknown}
 p - a potion of heal wounds {unknown}
 q - a potion of cure mutation {unknown}
Comestibles
 c - 3 bread rations
 f - a beef jerky


   Skills:
 + Level 5.0 Fighting
 + Level 3.9 Short Blades
 + Level 0.5(2.7) Long Blades
 + Level 3.6 Armour
 + Level 3.2 Dodging
 + Level 0.5 Stealth


You had 4 spell levels left.
You didn't know any spells.

Dungeon Overview and Level Annotations

Branches:
Dungeon (4/15)
 Temple: D:4-7

Altars:
Makhleb
Nemelex Xobeh


Innate Abilities, Weirdness & Mutations

You reflexively headbutt those who attack you in melee.
You have a pair of horns on your head.


Message History

Throwing (i - inventory):
l - 38 stones (quivered)
Press: ? - help, Shift-Dir - straight line, f/p - orc
Aim: an orc, wielding a trident You throw a stone.
The stone barely misses the orc.
The orc hits you but does no damage.
Throwing (i - inventory):
l - 37 stones (quivered)
Press: ? - help, Shift-Dir - straight line, f/p - orc
Aim: an orc, wielding a trident You throw a stone.
The stone hits the orc.
The orc is lightly wounded.
The orc barely misses you.
The orc hits you from afar with a trident.
* * * LOW HITPOINT WARNING * * *
The orc hits you from afar with a trident.
* * * LOW HITPOINT WARNING * * *
The orc hits you but does no damage.
You hit the orc but do no damage. You headbutt the orc.
The orc is heavily wounded.
The orc barely misses you. The orc hits you with a trident.
You die...

... ####.#########
.............####### #### #+##
#.(.............# ..#
....##...............########.#
.>..o.......................#.##
...O........())........†......>.
o...#h..####.)o.................
o.. #.#......##@..........(.##.#
#.#......##.[.....####..##.. #
#......##.^...........##.#
#...=..##................#
#......+......#######..#.#
#......######## ##.... #......#
#......# #......#


You could see an orc.

Vanquished Creatures
  A hound (D:4)
  A centaur skeleton (D:4)
  An orc wizard (D:4)
  2 adders
  An ooze (D:3)
  5 orcs
  A ball python (D:1)
  A bat (D:2)
  4 goblins
  3 hobgoblins
  2 giant geckos
  2 kobolds
  A rat (D:4)
25 creatures vanquished.

Notes
Turn   | Place    | Note
--------------------------------------------------------------
     0 | D:1      | Jakers the Minotaur Berserker began the quest for the Orb.
     0 | D:1      | Reached XP level 1. HP: 19/19 MP: 0/0
   333 | D:2      | Reached XP level 2. HP: 25/27 MP: 1/1
   385 | D:2      | Found a burning altar of Makhleb.
   537 | D:3      | Reached skill level 4 in Fighting
   559 | D:3      | Reached XP level 3. HP: 22/33 MP: 2/2
   613 | D:3      | Found a sparkling altar of Nemelex Xobeh.
   705 | D:4      | Reached XP level 4. HP: 30/41 MP: 3/3
   759 | D:4      | Noticed an ogre
   769 | D:4      | Acquired Trog's second power
   769 | D:4      | Reached XP level 5. HP: 12/47 MP: 4/4
   770 | D:4      | Reached skill level 5 in Fighting
   778 | D:4      | Slain by an orc

Vault maps used:
D:1:      minmay_arrival_semitransparent
D:2:      bloody_makhleb
D:3:      nicolae_gozag_zags_fifth_avenue, nemelex_deck, serial_bayou_pond_c,
          uniq_grinder
D:4:      grunt_temple_overflow_open

Action                   |  1- 3 |  4- 6 || total
-------------------------+-------+-------++-------
Melee: Short sword       |    42 |       ||    42
       Falchion          |    12 |    10 ||    22
Throw: Stone             |       |     3 ||     3
Invok: Berserk           |     1 |     1 ||     2
  Use: Scroll            |       |     1 ||     1
  Eat: Pizza             |     1 |       ||     1
